 Dungeon Crawl Stone Soup version 0.22.1-5-g62c59d9 (webtiles) character file.

898 Fang the Chopper (level 8, -14/51 HPs)
             Began as a Gargoyle Berserker on Jan 8, 2019.
             Was a Priest of Trog.
             Killed by divine providence
             ... invoked by an orc priest
              (17 damage)
             ... on level 5 of the Dungeon.
             The game lasted 00:06:42 (3830 turns).

Fang the Chopper (Gargoyle Berserker)               Turns: 3830, Time: 00:06:43

Health: -14/51     AC: 18    Str: 24    XL:     8   Next: 7%
Magic:  17/17      EV:  7    Int:  7    God:    Trog [***...]
Gold:   134        SH:  0    Dex:  9    Spells: 7/7 levels left

rFire    . . .     SeeInvis .   i - +0 war axe
rCold    . . .     Gourm    .   (no shield)
rNeg     + . .     Faith    .   g - +0 plate armour
rPois    ∞         Spirit   .   s - +0 helmet
rElec    +         Reflect  .   (no cloak)
rCorr    .         Harm     .   (no gloves)
MR       .....                  (no boots)
Stlth    ..........             (no amulet)
HPRegen  0.17/turn              w - ring of magical power
MPRegen  0.15/turn              (no ring)

@: confused, berserk cooldown, slowed, very slow
A: negative energy resistance 1, electricity resistance, unbreathing,
petrification resistance, rot immunity, AC +5
a: Berserk, Trog's Hand, Renounce Religion


You were on level 5 of the Dungeon.
You worshipped Trog.
Trog was most pleased with you.
You were near starving.

You visited 1 branch of the dungeon, and saw 5 of its levels.

You collected 134 gold pieces.

Inventory:

Hand Weapons
 i - a +0 war axe (weapon)
Armour
 g - a +0 plate armour (worn)
 s - a +0 helmet (worn)
Jewellery
 w - a ring of magical power (left hand)
Wands
 j - a wand of acid (6)
Scrolls
 d - a scroll of amnesia {unknown}
 h - 2 scrolls of teleportation {unknown}
 k - a scroll of enchant weapon {unknown}
 n - 5 scrolls of remove curse {unknown}
 p - 2 scrolls of immolation {unknown}
 t - 2 scrolls of fear {unknown}
 u - a scroll of magic mapping {unknown}
 v - a scroll of identify {unknown}
Potions
 a - a potion of heal wounds {unknown}
 b - a potion of mutation {unknown}
 e - a potion of haste {unknown}
 f - a potion of berserk rage {unknown}
 l - a potion of curing {unknown}
 m - a potion of degeneration {unknown}
 o - a potion of invisibility {unknown}
 q - a potion of brilliance {unknown}
 r - a potion of cancellation {unknown}
Comestibles
 c - 8 rations


   Skills:
 + Level 5.9 Fighting
 + Level 6.6 Axes
 + Level 4.3 Armour
 + Level 2.0 Dodging
 + Level 0.1 Stealth


You had 7 spell levels left.
You didn't know any spells.
Your spell library was empty.

Dungeon Overview and Level Annotations

Branches:
Dungeon (5/15)
 Temple: D:4-7

Altars:
Cheibriados

Annotations:
D:5 1 runed door


Innate Abilities, Weirdness & Mutations

You are resistant to torment.
Your stone body is resilient. (AC +5)
You are immune to poison.
You resist negative energy. (rN+)
You are resistant to electric shocks. (rElec)
You can survive without breathing.
You are immune to petrification.
You are immune to rotting.


Message History

The orc wizard casts a spell.
The orc wizard blinks!
The orc wizard closely misses you. The orc wizard completely misses you.
Something hits you but does no damage.
The orc priest calls down the wrath of Beogh upon you.
Beogh smites you!
* * * LOW HITPOINT WARNING * * *
You barely miss the orc priest. You closely miss the orc wizard.
You miss something.
Your plate armour prevents you from hitting the orc wizard.
The orc wizard gestures wildly while chanting.
The orc wizard blinks!
The orc wizard hits you but does no damage.
The orc wizard gestures at you while chanting.
The magic dart hits something.
The orc wizard closely misses you. Something hits you but does no damage.
The orc wizard gestures wildly while chanting.
The orc wizard blinks!
The orc priest mumbles some strange prayers to Beogh against you.
Beogh smites you!
You die...

#...................
#.............##.# .
##........#.##.##.#
##.#.##.o....#.##.##.#
.......†)....#.##.##.###
..#.o#.[o.####.##......#
.......#).# #.#####...#
..#..#.){§# #.# ##..# .
#..##o@#.# #.# #..#
#....o###....# #..#
#.###. ### #..# #. #####
#..# #. ##...#####..# #.
#...........# #.
#....######.# .. #....#
#.## ♣....♣ ####...


You could see 2 orc priests and 3 orc wizards.

Vanquished Creatures
  Grinder (D:4)
  Sigmund (D:3)
  An ogre (D:3)
  2 scorpions
  2 orc priests
  An orc wizard (D:3)
  2 worker ants (D:4)
  Robin (D:3)
  4 gnolls (D:2)
  5 adders
  3 oozes
  An adder skeleton (D:4)
  4 worms
  3 dart slugs (D:1)
  A leopard gecko (D:3)
  20 orcs
  9 bats
  4 giant cockroaches
  19 goblins
  6 hobgoblins
  9 kobolds
  4 quokkas
  3 frilled lizards
  2 jackal skeletons
  A leopard gecko zombie (D:5)
  2 quokka skeletons (D:4)
  5 rats
116 creatures vanquished.

Notes
Turn   | Place    | Note
-------+----------+-------------------------------------------
     0 | D:1      | Fang the Gargoyle Berserker began the quest for the Orb.
     0 | D:1      | Reached XP level 1. HP: 14/14 MP: 1/1
   171 | D:1      | Reached XP level 2. HP: 14/19 MP: 2/2
   318 | D:1      | Reached skill level 3 in Axes
   632 | D:1      | Reached XP level 3. HP: 23/24 MP: 3/3
  1650 | D:2      | Reached XP level 4. HP: 29/29 MP: 4/4
  1654 | D:2      | Reached ** piety under Trog
  1656 | D:2      | Reached skill level 4 in Axes
  1970 | D:3      | Noticed Sigmund
  1981 | D:3      | Killed Sigmund
  1981 | D:3      | Reached XP level 5. HP: 19/34 MP: 5/5
  1981 | D:3      | Reached XP level 6. HP: 21/39 MP: 6/6
  2161 | D:3      | Noticed Robin
  2189 | D:3      | Reached skill level 5 in Axes
  2198 | D:3      | Killed Robin
  2483 | D:3      | Found a snail-covered altar of Cheibriados.
  2641 | D:3      | Reached XP level 7. HP: 44/44 MP: 7/7
  2670 | D:3      | Reached *** piety under Trog
  2732 | D:3      | Reached skill level 5 in Fighting
  3472 | D:4      | Noticed Grinder
  3479 | D:4      | Paralysed by Grinder for 4 turns
  3488 | D:4      | Killed Grinder
  3488 | D:4      | Reached skill level 6 in Axes
  3685 | D:5      | Entered Level 5 of the Dungeon
  3749 | D:5      | Found a runed door.
  3795 | D:5      | Reached XP level 8. HP: 51/51 MP: 8/8
  3829 | D:5      | HP: 2/51 [orc priest/divine providence (8)]
  3830 | D:5      | Killed from afar by an orc priest

Skill      XL: |  1  2  3  4  5  6  7 |
---------------+----------------------+-----
Axes           | 3 4 5 6 |  6.6
Fighting       | 4 5 |  5.9
Armour         | 3 4 |  4.3
Dodging        | 2 |  2.0
Stealth        | |  0.1

Action                   |  1- 3 |  4- 6 |  7- 9 || total
-------------------------+-------+-------+-------++-------
Melee: Hand axe          |   101 |       |       ||   101
       War axe           |    24 |   128 |   152 ||   304
Invok: Berserk           |     1 |     1 |     1 ||     3
  Eat: Chunk             |     2 |     5 |     4 ||    11
Armor: Animal skin       |    12 |       |       ||    12
       Plate armour      |    75 |   104 |   163 ||   342
Dodge: Dodged            |    67 |    53 |    95 ||   215
